 Dungeon Crawl Stone Soup version 0.28.0-53-g5a82cb258f (webtiles) character file.

Game seed: 11360048646167075808

536 Descartes the Covert (level 7, -1/35 HPs)
             Began as a Vine Stalker Delver on May 21, 2022.
             Slain by a komodo dragon (18 damage)
             ... on level 5 of the Dungeon.
             The game lasted 00:08:29 (3919 turns).

Descartes the Covert (Vine Stalker Delver)          Turns: 3919, Time: 00:08:29

Health: -1/35      AC: 11    Str: 15    XL:     7   Next: 25%
Magic:  0/9        EV: 16    Int: 10    God:
Gold:   276        SH:  0    Dex: 17    Spells: 6/6 levels left

rFire   . . .      SeeInvis .   h - +0 dagger (protect)
rCold   . . .      Faith    .   (no shield)
rNeg    . . .      Spirit   +   b - +0 leather armour
rPois   .          Reflect  .   (no helmet)
rElec   .          Harm     .   (no cloak)
rCorr   .          Rampage  .   (no gloves)
Will    .....                   t - +0 pair of boots
Stlth   ++++......              (no amulet)
HPRegen 0.91/turn               w - +4 ring of evasion
MPRegen 0.11/turn               (no ring)

@: under a protective aura
A: fangs 2, regeneration 1, magic shield, antimagic bite, no potion heal 2
a: no special abilities


You were on level 5 of the Dungeon.
You visited 1 branch of the dungeon, and saw 5 of its levels.

You collected 276 gold pieces.

Inventory:

Hand Weapons
 a - a +0 short sword
 h - a +0 dagger of protection (weapon)
Missiles
 j - 46 bolts
 n - 3 javelins (quivered)
 p - 122 stones
 q - 2 poisoned darts
 u - 49 arrows
Armour
 b - a +0 leather armour (worn)
 t - a +0 pair of boots (worn)
Jewellery
 w - a +4 ring of evasion (left hand)
 B - a +6 ring of intelligence
 C - an amulet of the acrobat
 D - an amulet of faith
Wands
 g - a wand of digging (3)
Scrolls
 c - a scroll of fog
 d - a scroll of magic mapping
 e - a scroll of fear
 m - 4 scrolls of identify {unknown}
 r - a scroll of immolation {unknown}
 s - 3 scrolls of enchant armour {unknown}
 v - a scroll of torment {unknown}
 x - a scroll of silence {unknown}
 y - 2 scrolls of noise {unknown}
 F - a scroll of amnesia {unknown}
 G - a scroll of teleportation {unknown}
Potions
 f - 2 potions of haste
 i - 2 potions of heal wounds {unknown}
 k - a potion of curing {unknown}
 l - a potion of might {unknown}
 o - a potion of magic {unknown}
 z - a potion of attraction {unknown}
 A - a potion of brilliance {unknown}
 E - a potion of flight {unknown}


   Skills:
 - Level 2.6 Fighting
 + Level 4.8 Short Blades
 - Level 1.5 Dodging
 + Level 8.9 Stealth
 + Level 2.1 Invocations


You had 6 spell levels left.
You didn't know any spells.
Your spell library contained the following spells:

 Spells                   Type           Power      Damage    Failure   Level
 Sandblast                Erth           0%         2d4       43%         1
 Passwall                 Tmut/Erth      0%         N/A       56%         2
 Ignite Poison            Fire/Tmut/Pois 0%         N/A       80%         3
 Mephitic Cloud           Conj/Pois/Air  0%         N/A       80%         3
 Portal Projectile        Hex/Tloc       0%         N/A       80%         3
 Stone Arrow              Conj/Erth      0%         3d7       80%         3
 Blade Hands              Tmut           0%         N/A       100%        5
 Excruciating Wounds      Necr           0%         N/A       100%        5
 Freezing Cloud           Conj/Ice/Air   0%         6-21      100%        5


Dungeon Overview and Level Annotations

Branches:
Dungeon (5/15)
 Temple: D:4-7

Altars:
Okawaru

Shops:
D:5 *


Innate Abilities, Weirdness & Mutations

You have extremely sharp teeth.
Your natural rate of healing is unusually fast.
When hurt, damage is shared between your health and your magic reserves.
Your bite disrupts and absorbs the magic of your enemies.
Potions cannot restore your health.


Message History

You hit the komodo dragon but do no damage.
The komodo dragon bites you!!
You hit the komodo dragon.
You bite the komodo dragon, but do no damage.
The komodo dragon is lightly wounded.
The komodo dragon completely misses you.
You barely miss the komodo dragon.
You bite the komodo dragon, but do no damage.
The komodo dragon is lightly wounded.
You hit the komodo dragon but do no damage.
The komodo dragon is lightly wounded.
The komodo dragon misses you.
You hit the komodo dragon but do no damage.
You bite the komodo dragon, but do no damage.
The komodo dragon bites you but does no damage.
You barely miss the komodo dragon. The komodo dragon bites you!
You are too injured to fight recklessly!
You are too injured to fight recklessly!
You are too injured to fight recklessly!
You are too injured to fight recklessly!
You are too injured to fight recklessly!
You are too injured to fight recklessly!
You are too injured to fight recklessly!
You are too injured to fight recklessly!
You are too injured to fight recklessly!
You are too injured to fight recklessly!
You are too injured to fight recklessly!
You are too injured to fight recklessly!
You are too injured to fight recklessly!
You are too injured to fight recklessly!
You are too injured to fight recklessly!
You hit the komodo dragon but do no damage.
You hit the komodo dragon but do no damage.
Your bite misses the komodo dragon.
The komodo dragon bites you but does no damage.
You hit the komodo dragon but do no damage.
You bite the komodo dragon, but do no damage.
The komodo dragon bites you!!
Ouch! That really hurt!
You die...

.... #..# ...##+## ....####
########.....# #.......
......#.....# #.......
.....#.....# #.......
#.##.#...†.########.......
##.##.##..............#####
#...#..+..............#....
#...'..#..@...........'....
##+###.###.#.l............#####
#..###.###.################.###
#........#.................÷...
#........#.....................
#.......##..#########...##..##.
#..###..##..##.##.########..##.
#..###..##......#...#....#..#..
#.<.............#...#....#..#..


You could see a komodo dragon.

Vanquished Creatures
  2 orc warriors
  2 necrophages
  A water moccasin zombie (D:5)
  A scorpion (D:4)
  2 hounds
  A bullfrog skeleton (D:4)
  An iguana (D:5)
  An orc wizard (D:4)
  A gnoll (D:3)
  4 adders
  2 shadow imps
  An adder skeleton (D:4)
  3 dart slugs
  5 orcs
  7 ball pythons
  9 bats
  8 endoplasms
  3 giant cockroaches
  4 goblins
  3 hobgoblins
  7 jackals
  2 quokkas
  2 frilled lizards
  6 kobolds
  10 rats
88 creatures vanquished.

Notes
Turn   | Place    | Note
-------+----------+-------------------------------------------
     0 | D:5      | Descartes the Vine Stalker Delver began the quest for the
                  | Orb.
     0 | D:5      | Reached XP level 1. HP: 11/11 MP: 2/2
    89 | D:5      | Noticed a hound
    93 | D:5      | Killed a hound
    94 | D:5      | Reached XP level 2. HP: 16/16 MP: 3/3
    94 | D:5      | Reached XP level 3. HP: 19/19 MP: 4/4
   120 | D:5      | Found Syfus Afe's Lightly-Used Armoury.
   301 | D:5      | Reached skill level 7 in Stealth
   301 | D:5      | Gained mutation: Your natural rate of healing is unusually
                  | fast. [Vine Stalker growth]
   301 | D:5      | Reached XP level 4. HP: 10/23 MP: 5/5
   356 | D:4      | Noticed a necrophage
   360 | D:4      | Killed a necrophage
   361 | D:4      | Reached XP level 5. HP: 27/27 MP: 6/6
   428 | D:4      | Reached skill level 8 in Stealth
   428 | D:4      | Reached XP level 6. HP: 32/32 MP: 5/7
  1507 | D:1      | Found a faded altar of an unknown god.
  1560 | D:1      | Prayed at the altar of an unknown god.
  1560 | D:1      | Became a worshipper of Warmaster Okawaru
  1560 | D:1      | Reached * piety under Okawaru
  2626 | D:3      | Reached skill level 1 in Invocations
  2807 | D:4      | Fell from the grace of Okawaru
  3353 | D:4      | Noticed an orc warrior
  3353 | D:4      | Noticed an orc warrior
  3412 | D:3      | Killed an orc warrior
  3468 | D:3      | Noticed an orc warrior
  3658 | D:4      | Killed an orc warrior
  3792 | D:5      | Noticed a necrophage
  3799 | D:5      | Killed a necrophage
  3800 | D:5      | Reached XP level 7. HP: 35/35 MP: 9/9
  3902 | D:5      | Noticed a komodo dragon
  3919 | D:5      | Slain by a komodo dragon

Illustrated notes

Levels and vault maps discovered:
D:1:      mrwooster_arrival_statue, layout_basic, basic_ecumenical_altar,
          serial_rivers, chequers_serial_rivers_marsh,
          chequers_serial_rivers_micro_d, chequers_serial_rivers_small_a,
          chequers_serial_rivers_micro_e
D:2:      layout_loops_cross, hangedman_decor_clover_reticule
D:3:      layout_basic
D:4:      layout_gridville
D:5:      layout_gridville, minmay_shop_damaged, uniq_menkaure

Skill      XL: |  1  2  3  4  5  6  7 |
---------------+----------------------+-----
Short Blades   | 2 3 4 |  4.8
Stealth        | 7 8 |  8.9
Invocations    | 1 2 |  2.1
Fighting       | |  2.6
Dodging        | |  1.5

Action                   |  1- 3 |  4- 6 |  7- 9 || total
-------------------------+-------+-------+-------++-------
Melee: Short sword       |     6 |       |       ||     6
       Dagger            |    48 |   343 |    10 ||   401
       Bite              |    13 |   114 |     4 ||   131
       Punch             |       |     1 |       ||     1
Invok: Renounce Religion |       |     1 |       ||     1
 Stab: Sleeping          |     1 |    25 |     1 ||    27
Armor: Leather armour    |    18 |    81 |     2 ||   101
Dodge: Dodged            |    27 |   210 |     3 ||   240
